Map: World of Sleepers LE

Players

Freeman

  • Race: Zerg Zerg
  • Spawn Location: 1:00

Erik - Winner!

  • Race: Zerg Zerg
  • League: Master
  • Spawn Location: 7:00

Event: NationWars 2019

VOD

Have the link to the VOD?

Description

Time

  • Played on: Sept. 30, 2019, 2:08 p.m.
  • Length: 8:56
Show
View Real Time Build Order
Export as new Build Order

Freeman Zerg 

Build Orders: Hatch First 

Get SALT Encoding   

  12  0:00  Drone  
  13  0:14  Overlord  
  13  0:17  Drone  
  14  0:32  Drone x2  
  16  0:49  Hatchery  
  15  0:52  Drone  
  15  0:56  Drone  
  17  1:10  Spawning Pool  
  16  1:13  Extractor  
  16  1:14  Drone  
  16  1:17  Drone  
  17  1:21  Drone  
  18  1:31  Drone  
  19  1:40  Overlord  
  19  1:59  Zergling x2, Queen  
  22  2:01  Zergling x2, Queen  
  22  2:02  Zergling x2  
  26  2:13  Metabolic Boost  
  26  2:15  Drone x2  
  28  2:34  Drone x2  
  28  2:35  Drone x2  
  29  2:38  Baneling Nest  
  29  2:39  Extractor  
  27  2:48  Drone  
  29  2:55  Zergling x4  
  31  3:01  Drone  
  32  3:07  Hatchery  
  31  3:20  Zergling x2  
  31  3:21  Zergling x6  
  31  3:22  Zergling x2  
  31  3:24  Overlord  
  36  3:27  Overlord  
  36  3:45  Zergling x6  
  36  3:46  Zergling x4  
  40  3:50  Drone  
  40  3:51  Drone x2  
  40  3:54  Queen  
  44  3:59  Baneling  
  44  4:03  Zergling x8  
  44  4:04  Baneling x2  
  44  4:05  Baneling  
  45  4:16  Baneling  
  44  4:17  Drone x4  
  48  4:25  Drone x2  
  49  4:33  Baneling x2  
  48  4:43  Evolution Chamber  
  48  4:44  Drone x5  
  44  4:53  Drone x3  
  44  4:56  Zergling x2  
  45  5:01  Zergling x2  
  45  5:04  Queen  
  47  5:07  Extractor  
  47  5:08  Roach Warren  
  47  5:12  Zergling x8  
  49  5:15  Baneling x2  
  49  5:19  Zergling x2  
  49  5:21  Baneling  
  49  5:27  Drone  
  49  5:28  Zerg Missile Weapons Level 1  
  49  5:34  Overlord x3  
  43  5:38  Drone x3  
  43  5:39  Drone x3  
  49  5:47  Lair  
  49  5:48  Overlord  
  49  5:54  Drone x3  
  52  5:57  Overlord  
  52  5:58  Extractor  
  52  6:02  Drone  
  52  6:03  Drone x2  
  52  6:12  Drone x3  
  52  6:13  Drone  
  52  6:16  Roach x3  
  52  6:18  Roach  
  64  6:29  Roach x2  
  64  6:30  Roach x3, Extractor  
  73  6:35  Drone x2  
  73  6:36  Drone  
  73  6:37  Overlord  
  76  6:40  Overlord  
  76  6:45  Glial Reconstitution  
  76  6:57  Overseer  
  76  6:58  Overlord  
  76  7:00  Roach x7  
  90  7:03  Overlord  
  90  7:09  Overlord  
  90  7:10  Roach x2  
  90  7:11  Roach  
  89  7:25  Roach x2  
  89  7:26  Roach x2  
  97  7:39  Roach x4  
  97  7:40  Roach x2  
  109  7:48  Queen  
  109  7:49  Roach  
  109  7:50  Roach x2  
  115  8:04  Roach x6  
  127  8:18  Roach x2  
  126  8:29  Roach  
  126  8:30  Roach x4  
Show
View Real Time Build Order
Export as new Build Order

Erik Zerg - Winner!

Build Orders: Pool First 

Get SALT Encoding   

  12  0:01  Drone  
  13  0:10  Drone  
  14  0:14  Extractor  
  14  0:15  Drone  
  15  0:22  Overlord  
  15  0:37  Spawning Pool  
  15  0:41  Drone  
  15  0:44  Drone  
  15  0:47  Drone  
  17  1:09  Hatchery  
  16  1:11  Extractor  
  16  1:13  Drone  
  16  1:24  Zergling x4  
  18  1:28  Zergling x2  
  19  1:35  Queen  
  21  1:40  Overlord  
  21  1:49  Drone  
  22  1:59  Drone  
  23  2:10  Drone  
  23  2:13  Queen  
  26  2:22  Drone x2  
  28  2:23  Metabolic Boost  
  27  2:32  Drone x2  
  28  2:44  Drone x5  
  32  2:54  Overlord  
  32  3:12  Hatchery  
  31  3:13  Baneling Nest  
  31  3:14  Drone  
  31  3:17  Zergling x2  
  31  3:18  Zergling x6  
  31  3:19  Zergling x2  
  36  3:23  Zergling x2  
  36  3:24  Zergling x2  
  38  3:29  Overlord  
  38  3:33  Zergling x2  
  38  3:34  Zergling x4  
  41  3:36  Drone  
  42  3:42  Drone  
  42  3:46  Drone  
  42  3:48  Drone x2  
  46  3:49  Drone  
  46  3:53  Zergling x2  
  46  3:54  Zergling x2  
  49  4:02  Baneling x3  
  49  4:04  Zergling x6  
  50  4:13  Overlord  
  50  4:14  Extractor  
  42  4:19  Roach Warren, Zergling x4, Evolution Chamber  
  42  4:23  Drone  
  43  4:26  Queen  
  45  4:36  Zergling x2  
  45  4:37  Zergling x10  
  49  4:39  Drone  
  48  4:54  Drone x2  
  48  4:55  Drone x2  
  48  4:56  Lair, Zerg Missile Weapons Level 1  
  48  4:57  Extractor  
  48  5:02  Drone x2  
  48  5:03  Drone  
  48  5:06  Baneling  
  48  5:07  Baneling  
  50  5:11  Overlord  
  50  5:12  Drone x2  
  52  5:16  Drone x2  
  53  5:21  Drone x3  
  55  5:31  Drone  
  55  5:32  Pneumatized Carapace  
  53  5:37  Roach x4  
  53  5:39  Baneling x2  
  61  5:44  Extractor  
  61  5:45  Roach x3  
  61  5:49  Drone x3  
  69  5:53  Drone  
  69  5:56  Drone x3  
  73  6:02  Drone  
  73  6:08  Overlord  
  72  6:16  Glial Reconstitution  
  72  6:21  Overlord x2  
  72  6:24  Overlord  
  72  6:27  Drone x8  
  72  6:30  Extractor  
  79  6:33  Overseer  
  79  6:36  Roach  
  79  6:38  Overlord x3  
  81  6:45  Roach x2  
  85  6:49  Roach  
  85  6:50  Roach  
  89  6:55  Drone  
  89  6:57  Drone x3  
  89  7:01  Spire, Extractor  
  92  7:06  Roach x4  
  99  7:20  Drone x7  
  106  7:27  Roach x5  
  114  7:31  Drone x2  
  114  7:35  Overlord  
  116  7:38  Roach  
  118  7:45  Hatchery  
  117  7:53  Roach x6  
  129  8:00  Overlord  
  129  8:08  Roach x4  
  129  8:10  Overlord x3  
  137  8:16  Overlord  
  137  8:19  Mutalisk  
  137  8:20  Mutalisk x4  
  134  8:30  Roach x7  
Tags
 
Add a new tag
Caveats
  • Supply blocks, unpowered buildings, or Contaminate may cause inaccurate times.
  • Supply counts are checked every 10 seconds.